 Dungeon Crawl Stone Soup version 0.32-a0-818-gb728d02 (webtiles) character file.

Game seed: 16153977156364220488

108 Dorkslayer the Ducker (level 4, -1/31 HPs)
             Began as an Octopode Fighter on Mar 24, 2024.
             Killed from afar by Natasha (11 damage)
             ... with a magic dart
             ... on level 2 of the Dungeon.
             The game lasted 00:02:16 (1086 turns).

Dorkslayer the Ducker (Octopode Fighter)            Turns: 1086, Time: 00:02:18

Health: -1/31      AC:  1    Str: 17    XL:     4   Next: 87%
Magic:  4/4        EV: 12    Int: 10    God:
Gold:   48         SH:  4    Dex: 11    Spells: 3/3 levels left

rFire   . . .        a - +0 war axe
rCold   . . .        b - +0 buckler
rNeg    . . .        (helmet restricted)
rPois   .            (no amulet)
rElec   .            i - ring of resist corrosion
rCorr   +            (no ring)
SInv    .            (no ring)
Will    .....        (no ring)
Stlth   +++          (no ring)
HPRegen 0.25/turn    (no ring)
MPRegen 0.09/turn    (no ring)
                     (no ring)

%: no passive effects
@: slowed, very slow
A: almost no armour, amphibious, 8 rings, camouflage 1, gelatinous body 1,
(nimble swimmer 1), tentacles
a: no special abilities


You were on level 2 of the Dungeon.
You visited 1 branch of the dungeon, and saw 2 of its levels.

You collected 87 gold pieces.
You spent 39 gold pieces at shops.

Inventory:

Hand Weapons
 a - a +0 war axe (weapon)
Missiles
 h - 5 boomerangs (quivered)
Armour
 b - a +0 buckler (worn)
Jewellery
 i - a ring of resist corrosion (left tentacle)
Scrolls
 d - 5 scrolls of identify {unknown}
 e - a scroll of teleportation {unknown}
Potions
 c - a potion of might
 f - 4 potions of curing
 g - a potion of brilliance {unknown}


   Skills:
 + Level 3.5 Fighting
 + Level 2.9 Axes
 + Level 3.7 Dodging
 + Level 2.0 Stealth
 + Level 3.5 Shields


You had 3 spell levels left.
You didn't know any spells.
Your spell library contained the following spells:

 Spells                   Type           Power      Damage    Failure   Level
 Apportation              Tloc           0%         N/A       43%         1
 Necrotise                Necr           0%         1d4       43%         1
 Sting                    Conj/Alch      0%         1d3       43%         1
 Summon Small Mammal      Summ           0%         N/A       43%         1
 Blink                    Tloc           0%         N/A       58%         2
 Lesser Beckoning         Tloc           0%         N/A       58%         2
 Momentum Strike          Conj/Tloc      0%         3d8       58%         2


Dungeon Overview and Level Annotations

Branches:
Dungeon (2/15)

Altars:

Shops:
D:1 !((

Annotations:
D:2 Natasha


Innate Abilities, Weirdness & Mutations

You cannot wear most types of armour.
You are amphibious.
You can wear up to eight rings at the same time.
Your skin changes colour to match your surroundings (Stealth+).
Your rubbery body absorbs attacks. (AC +1, EV +1)
((You are camouflaged when in or above water. (Stealth+)))
You have tentacles for arms and can constrict up to eight enemies at once.


Message History

Found a stone staircase leading down.
i - a ring of resist corrosion
i - a ring of resist corrosion (left tentacle)
d - 5 scrolls labelled NEIRYG JESEM (gained 1)
You now have 31 gold pieces (gained 11).
Found a stone staircase leading down.
You pick up a book of Cantrips and begin reading...
You add the spells Sting, Necrotise, Summon Small Mammal and Apportation to your library.
There is a stone staircase leading down here.
A hobgoblin comes into view.
The hobgoblin shouts!
You hit the hobgoblin. You grab the hobgoblin. You squeeze the hobgoblin.
You kill the hobgoblin!
You see here a hobgoblin corpse.
You now have 44 gold pieces (gained 13).
You now have 48 gold pieces (gained 4).
A kobold comes into view. It is wielding a +0 dagger.
Found a stone staircase leading up.
Natasha hisses angrily.
The kobold shouts!
Natasha claws you! The kobold hits you with a +0 dagger.
You closely miss Natasha. Your grab misses Natasha. You barely miss the kobold.
Natasha barely misses you. The kobold hits you with a +0 dagger.
Natasha claws you.
You hit Natasha. Your grab misses Natasha. Your squeeze misses Natasha.
Natasha is moderately wounded.
You hit the kobold.
You kill the kobold!
You block Natasha's attack.
You closely miss Natasha. Your grab misses Natasha.
Natasha is moderately wounded.
Natasha stares at you and mumbles some strange words.
You feel yourself slow down.
You barely miss Natasha. You grab Natasha.
Natasha is moderately wounded.
You constrict Natasha! Natasha claws you! Natasha barely misses you.
Natasha stares at you and mumbles some strange words.
The magic dart hits you!
You die...
Natasha begins licking her fur clean.

###
#.#########.#######.###
####.## #.#
#..................
....#.##
#.###........######.###
##.###.####......####..#
#.# # #.## ##..........#
#..# #.# #
#..###.####).##### #..#
#.### .>..#........#...
.#... #....
#.##.######..#.###....##.
#####
...............h@).#..#
.# #
..#######......###.<.# #
..# #.#.#### .## # ..#
#.#.# # # .## #.#.# # .#
#.#.# # .# #.#.# # .#
######.#.### #.. # .#
#......#...# #.# #


You could see Natasha.

Vanquished Creatures
  A bombardier beetle (D:2)
  Natasha (twice) (D:2)
  A gnoll (D:1)
  2 dart slugs
  2 bats
  An endoplasm (D:1)
  A hobgoblin (D:2)
  A quokka (D:2)
  A ball python (D:1)
  2 frilled lizards
  A goblin (D:2)
  3 kobolds
  2 rats
  A spectral kobold (D:1)
21 creatures vanquished.

Notes
Turn   | Place    | Note
-------+----------+-------------------------------------------
     0 | D:1      | Dorkslayer the Octopode Fighter began the quest for the
                  | Orb.
     0 | D:1      | Reached XP level 1. HP: 16/16 MP: 1/1
   107 | D:1      | Reached XP level 2. HP: 13/21 MP: 2/2
   195 | D:1      | Found a faded altar of an unknown god.
   319 | D:1      | Found Kuubiv's Antique Weapon Shop.
   448 | D:1      | Found Goyxtu's Distillery.
   456 | D:1      | Bought a potion of curing for 39 gold pieces
   517 | D:1      | Found Xohufoga's Weapon Emporium.
   669 | D:2      | Noticed Natasha
   673 | D:2      | Killed Natasha
   674 | D:2      | Reached skill level 1 in Stealth
   674 | D:2      | Reached XP level 3. HP: 26/26 MP: 3/3
   717 | D:2      | Reached XP level 4. HP: 30/31 MP: 4/4
   740 | D:2      | Noticed Natasha
   746 | D:2      | Killed Natasha
   895 | D:2      | Noticed Natasha
  1086 | D:2      | Killed from afar by Natasha

Illustrated notes

Levels and vault maps discovered:
D:1:      amcnicky_arrival_underground_garden, layout_loops_ring,
          dreamdust_ecumenical_altar_drowned_temple, serial_shops,
          nicolae_shop_pleasant_corner_grove, nicolae_shop_industrial_runoff,
          nicolae_shop_temple_entry_statues_fountains, nicolae_grassy_gnolls
D:2:      layout_loops_ring, uniq_natasha

Skill      XL: |  1  2  3  4 |
---------------+-------------+-----
Stealth        | 1 2 |  2.0
Fighting       | |  3.5
Axes           | |  2.9
Dodging        | |  3.7
Shields        | |  3.5

Action                     |  1- 3 |  4- 6 || total
---------------------------+-------+-------++-------
  Melee: War axe           |    17 |    17 ||    34
         Constrict         |     7 |     4 ||    11
         Tentacles         |     3 |     2 ||     5
   Stab: Sleeping          |     7 |     1 ||     8
 Armour: Skin              |     5 |    13 ||    18
  Dodge: Dodged            |     4 |    13 ||    17
  Block: Buckler           |     1 |     4 ||     5

Table legend: (Time is in decaauts)
 A = Elapsed time spent in this place.
 B = Non-inter-level travel time spent in this place.
 C = Inter-level travel time spent in this place.
 D = Time resting spent in this place.
 E = Time spent auto-exploring this place.
 F = Levels seen in this place.
 G = Mean time per level.
                   A        B        C        D        E       F      G
               +--------+--------+--------+--------+--------+-----+--------+
         Total |   1099 |   1099 |      0 |      0 |    633 |   2 |  549.5 |
       Dungeon |   1099 |   1099 |      0 |      0 |    633 |   2 |  549.5 |
               +--------+--------+--------+--------+--------+-----+--------+

Top non-repeatable levels by time:
     D:1: 635 daAuts
     D:2: 463 daAuts
